Dungeon Sprint DCSS version 0.20-a0-51-g027d3fc (webtiles) character file.

75800000 packetloss the Axe Maniac (level 27, -240/245 (249) HPs) Began as a Formicid Fighter on Nov 16, 2016. Was the Champion of Makhleb. Annihilated by a fleshlord ... wielding a +9 great mace (306 damage) ... in the Dungeon (Sprint VIII: "Arena of Blood"). The game lasted 00:06:07 (758 turns). packetloss the Axe Maniac (Formicid Fighter) Turns: 758, Time: 00:06:08 HP: -240/245 (249)AC: 13 Str: 22 XL: 27 MP: 54/54 EV: 31 Int: 11 God: Makhleb [******] Gold: 0 SH: 0 Dex: 19 Spells: 0 memorised, 80 levels left rFire + . . SeeInvis + l - +∞ Axe of Woe rCold . . . Gourm . b - +0 scale mail rNeg . . . Faith . c - +0 shield rPois . Spirit . (helmet unavailable) rElec . Reflect . (no cloak) rCorr . Harm . (no gloves) MR ++... (no boots) Stlth ++........ (no amulet) n - +200 ring of slaying m - ring of protection from fire {rF+, !d} @: confused, lethally poisoned (-240 -> -251), drained A: permanent stasis, dig shafts and tunnels, four strong arms, antennae 3 a: Dig, Minor Destruction, Lesser Servant of Makhleb, Major Destruction, Greater Servant of Makhleb, Renounce Religion You were in the Dungeon. You worshipped Makhleb. Makhleb was exalted by your worship. You were not hungry. You visited 1 branch

Inventory:

Hand Weapons
 a - a +0 war axe
 l - the +∞ Axe of Woe (weapon)
   (You found it in the Dungeon)
Armour
 b - a +0 scale mail (worn)
 c - a +0 shield (worn)
Jewellery
 m - a ring of protection from fire (left hand) {rF+, !d}
   (You found it in the Dungeon)
 n - a +200 ring of slaying (right hand)
   (You took it off a vampire knight in the Dungeon)
 o - a +30 ring of slaying
   (You took it off an orc in the Dungeon)
 p - a +250 ring of slaying
   (You took it off a skeletal warrior in the Dungeon)
 q - a +30 ring of slaying
   (You took it off an orc in the Dungeon)
 r - a +30 ring of slaying
   (You took it off an orc in the Dungeon)
 s - a +30 ring of slaying
   (You took it off an orc in the Dungeon)
 t - a +30 ring of slaying
   (You took it off an orc in the Dungeon)
 u - a +30 ring of slaying
   (You took it off an orc in the Dungeon)
 v - a +250 ring of slaying
   (You took it off a skeletal warrior in the Dungeon)
 w - a +30 ring of slaying
   (You took it off an orc in the Dungeon)
 x - a +100 ring of slaying
   (You took it off a hill giant in the Dungeon)
 y - a +100 ring of slaying
   (You took it off a hill giant in the Dungeon)
 z - a +30 ring of slaying
   (You took it off an orc in the Dungeon)
 A - a +30 ring of slaying
   (You took it off an ogre in the Dungeon)
Scrolls
 k - a scroll of blinking {!r}
Potions
 d - a potion of might
 e - a potion of curing
 g - a potion of heal wounds
 h - a potion of haste
 i - 2 potions of magic
 j - a potion of berserk rage {!q}
Comestibles
 f - a bread ration {@e1}


   Skills:
 O Level 27(25.7) Fighting
 O Level 27(25.7) Axes
 O Level 27(25.7) Throwing
 O Level 27(25.7) Armour
 O Level 27(25.7) Dodging
 O Level 27(25.7) Stealth
 O Level 27(25.7) Shields
 O Level 27(25.7) Unarmed Combat
 O Level 27(25.7) Spellcasting
 O Level 27(25.7) Invocations


You had 80 spell levels left.
You didn't know any spells.

Dungeon Overview and Level Annotations

Branches:
Dungeon (1/1)

Altars:
Makhleb


Innate Abilities, Weirdness & Mutations

You are under a permanent stasis effect.
You can dig through walls and to a lower floor.
Your four strong arms can wield two-handed weapons with a shield.
You have a pair of large antennae on your head. (SInv)


Message History

You open the fleshlord like a pillowcase!!!!!
You chop the fleshlord into pieces.
You kill the fleshlord!
Makhleb accepts your kill.
You dice the meat berserker like an onion!!!!
You dissect the meat berserker like a pig carcass.
You kill the meat berserker!
Makhleb accepts your kill.
You feel sick.
You hear a shout! x5
The destroyer blinks!
You hear a shout! x2
The fleshlord mumbles some strange words.
You hear a shout!
The fleshlord gestures wildly while chanting.
The fleshlord seems to speed up.
A great orb of eyes, a molten gargoyle, 2 orcs and an ogre come into view.
The bag of meat shouts!
You dice the meat berserker like an onion!!!!!
You slaughter the meat berserker joyfully.
You kill the meat berserker!
Makhleb accepts your kill.
You feel better.
You chop the destroyer into pieces!!!!
You butcher the destroyer messily.
You destroy the destroyer!
Makhleb accepts your kill.
You carve the destroyer like a ham!!!
You hew the destroyer savagely.
You destroy the destroyer!
Makhleb accepts your kill.
You chop the scourge into pieces!!!
You cleave the scourge in twain.
You kill the scourge!
Makhleb accepts your kill.
You feel sick.
You hear a shout!
The vile moves out of view.
You hear a shout! x2
The wretched soul breathes negative energy at you.
The bolt of negative energy hits the wretched soul.
The wretched soul completely resists.
The bolt of negative energy hits the tyrant.
The tyrant completely resists.
The bolt of negative energy hits you!
You feel drained.
You hear a shout!
The fleshlord gestures wildly while chanting.
The tyrant waves its bony arms in wide circles.
The air twists around and strikes you!
The fleshlord gestures wildly while chanting.
The accursed gestures at you while chanting.
Something smites you!
A vampire knight and a lich come into view.
The destroyer is wielding a +9 great sword of slicing.
You take 123 damage, and have 121/245 hp.
MASSIVE DAMAGE!!
The tyrant shouts!
The destroyer shouts!
You chop the vile into pieces!!!!
You cleave the vile in twain.
You destroy the vile!
Makhleb accepts your kill.
You feel better.
You slice the tyrant!!
You fatally mangle the tyrant.
You destroy the tyrant!
Makhleb accepts your kill.
Your life force feels restored.
You feel sick.
You hear a shout! x6
The observer gazes at you. Something smites you!
You hear a shout!
The dread calls on the powers of darkness!
The bag of meat convulses! x2; The meat berserker convulses!
The large bag of meat convulses!
The meat berserker convulses! x2
The bag of meat convulses! x2; The meat berserker convulses!
The bag of meat convulses!
The fleshlord convulses!
The observer convulses!
The bag of meat convulses!
The eight-headed meat hydra convulses!
Your body is wracked with pain!
The wretched soul breathes negative energy at you.
The bolt of negative energy hits you!
You feel drained.
* * * LOW HITPOINT WARNING * * *
The destroyer blinks!
You hear a shout!
You are confused.
The fleshlord casts a spell at you.
You barely resist.
You hear a shout!
A vile comes into view. It is wielding a mace.
You take 54 damage, and have 67/245 hp.
MASSIVE DAMAGE!!
Unknown command.
A great orb of eyes, 2 molten gargoyles and a hell knight come into view.
You feel sick.
The fleshlord shouts!
You hear a shout! x2
Some rock shatters into small pieces.
You hear a shout! x2
The tyrant gestures wildly while chanting.
You see a puff of smoke. x5
You hear a shout! x2
The tyrant mumbles some strange words.
The tyrant seems to speed up.
The fleshlord hits you with a +9 great mace!!!!!!
Ouch! That really hurt!
You die...

o#...oWp9.#..G
V.o.LD...#.9.
W##..LoV9p.....
..oOo.LMG...9.
#W..VOC..W..## ..
......oO9....#...
...oOWW9poz......
....9.W@)).....#
#.#####.o.#####
..)##
#######..##.#
#....#...#.#.#
.####...#.###.#
## #.##### #.# .#
#.#


You could see an accursed, 3 tyrants, an eight-headed meat hydra, 3 destroyers,
2 observers, 3 fleshlords, a sculptor of flesh, a large bag of meat (inner
flame), 5 wretched souls, 2 dreads, 7 viles, 4 meat berserkers and 10 bags of
meat.

Vanquished Creatures
  8 molten gargoyles (D)
  4 hell knights (D)
  A hell beast (D)
  2 great orbs of eyes (D)
  9 vampire knights (D)
  25 ogres (D)
  A lich (D)
  54 orcs (D)
  A phantom (D)
  3 hill giants (D)
  4 skeletal warriors (D)
  3 sea snakes (D)
  A small abomination (D)
116 creatures vanquished.

Vanquished Creatures (others)
  4 crawling corpses (D)
4 creatures vanquished.

Grand Total: 120 creatures vanquished

Notes
Turn   | Place    | Note
-------+----------+-------------------------------------------
     0 | D        | packetloss the Formicid Fighter began the quest for the Orb.
     0 | D        | Reached XP level 1. HP: 18/18 MP: 1/1
     3 | D        | Noticed a bag of meat
     3 | D        | Noticed a meat berserker
     4 | D        | Noticed a meat berserker
     4 | D        | Killed a meat berserker
     4 | D        | Reached skill level 18 in Fighting
     4 | D        | Reached skill level 16 in Axes
     4 | D        | Reached skill level 18 in Armour
     4 | D        | Reached skill level 19 in Shields
     4 | D        | Reached XP level 2. HP: 48/48 MP: 2/2
     4 | D        | Reached XP level 3. HP: 54/54 MP: 3/3
     4 | D        | Reached XP level 4. HP: 62/62 MP: 4/4
     4 | D        | Reached XP level 5. HP: 68/68 MP: 5/5
     4 | D        | Reached XP level 6. HP: 75/75 MP: 6/6
     4 | D        | Reached XP level 7. HP: 82/82 MP: 7/7
     4 | D        | Reached XP level 8. HP: 89/89 MP: 8/8
     4 | D        | Reached XP level 9. HP: 95/95 MP: 9/9
     4 | D        | Reached XP level 10. HP: 103/103 MP: 10/10
     4 | D        | Reached XP level 11. HP: 109/109 MP: 11/11
     4 | D        | Reached XP level 12. HP: 116/116 MP: 12/12
     4 | D        | Reached XP level 13. HP: 122/122 MP: 13/13
     5 | D        | Noticed a meat berserker
     5 | D        | Killed a meat berserker
     5 | D        | Reached skill level 20 in Fighting
     5 | D        | Reached skill level 21 in Axes
     5 | D        | Reached skill level 10 in Dodging
     5 | D        | Reached XP level 14. HP: 136/136 MP: 14/14
     5 | D        | Reached XP level 15. HP: 143/143 MP: 15/15
     6 | D        | Killed a meat berserker
     6 | D        | Reached skill level 22 in Fighting
     6 | D        | Reached skill level 24 in Axes
     6 | D        | Reached skill level 13 in Dodging
     6 | D        | Reached XP level 16. HP: 135/156 MP: 16/16
     7 | D        | Noticed a meat berserker
     7 | D        | Became a worshipper of Makhleb the Destroyer
     8 | D        | Noticed a meat berserker
     8 | D        | Killed a meat berserker
     8 | D        | Reached skill level 24 in Fighting
     8 | D        | Reached skill level 27 in Axes
     8 | D        | Reached skill level 16 in Dodging
     8 | D        | Reached XP level 17. HP: 145/167 MP: 17/17
    11 | D        | Noticed a meat berserker
    12 | D        | Noticed a meat berserker
    13 | D        | Killed a meat berserker
    13 | D        | Reached * piety under Makhleb
    13 | D        | Reached skill level 27 in Fighting
    13 | D        | Reached skill level 20 in Dodging
    13 | D        | Reached skill level 23 in Dodging
    13 | D        | Reached XP level 18. HP: 160/182 MP: 18/18
    14 | D        | Noticed a meat berserker
    14 | D        | Killed a meat berserker
    14 | D        | Reached skill level 27 in Dodging
    14 | D        | Reached skill level 21 in Shields
    17 | D        | Noticed a meat berserker
    18 | D        | Noticed a meat berserker
    18 | D        | Noticed a meat berserker
    18 | D        | Killed a meat berserker
    18 | D        | Reached ** piety under Makhleb
    18 | D        | Reached skill level 27 in Shields
    18 | D        | Reached skill level 20 in Armour
    18 | D        | Reached XP level 19. HP: 189/189 MP: 19/19
    18 | D        | Reached skill level 24 in Armour
    19 | D        | Noticed a meat berserker
    19 | D        | Noticed a destroyer
    21 | D        | Noticed a meat berserker
    21 | D        | Noticed a meat berserker
    21 | D        | Killed a meat berserker
    21 | D        | Reached skill level 27 in Armour
    21 | D        | Reached skill level 14 in Stealth
    21 | D        | Reached skill level 12 in Invocations
    21 | D        | Reached XP level 20. HP: 197/197 MP: 19/29
    21 | D        | Reached *** piety under Makhleb
    21 | D        | Reached skill level 18 in Stealth
    21 | D        | Reached skill level 17 in Invocations
    21 | D        | Killed a meat berserker
    21 | D        | Reached skill level 24 in Stealth
    21 | D        | Reached skill level 22 in Invocations
    22 | D        | Reached skill level 26 in Stealth
    22 | D        | Reached skill level 24 in Invocations
    22 | D        | Reached XP level 21. HP: 204/204 MP: 19/37
    23 | D        | Killed a meat berserker
    23 | D        | Reached **** piety under Makhleb
    23 | D        | Reached skill level 27 in Stealth
    23 | D        | Reached skill level 27 in Invocations
    23 | D        | Reached skill level 9 in Throwing
    23 | D        | Reached skill level 9 in Unarmed Combat
    23 | D        | Reached skill level 9 in Spellcasting
    23 | D        | Reached skill level 12 in Throwing
    23 | D        | Reached skill level 12 in Unarmed Combat
    23 | D        | Reached skill level 12 in Spellcasting
    23 | D        | Killed a meat berserker
    23 | D        | Reached skill level 16 in Throwing
    23 | D        | Reached skill level 16 in Unarmed Combat
    23 | D        | Reached skill level 16 in Spellcasting
    23 | D        | Reached XP level 22. HP: 212/212 MP: 19/42
    23 | D        | Reached skill level 18 in Throwing
    23 | D        | Reached skill level 18 in Unarmed Combat
    23 | D        | Reached skill level 18 in Spellcasting
    24 | D        | Killed a meat berserker
    24 | D        | Reached ***** piety under Makhleb
    24 | D        | Reached skill level 20 in Throwing
    24 | D        | Reached skill level 20 in Unarmed Combat
    24 | D        | Reached skill level 20 in Spellcasting
    25 | D        | Noticed a destroyer
    25 | D        | Noticed a destroyer
    26 | D        | Killed a meat berserker
    26 | D        | Reached skill level 22 in Throwing
    26 | D        | Reached skill level 22 in Unarmed Combat
    26 | D        | Reached skill level 22 in Spellcasting
    26 | D        | Reached XP level 23. HP: 219/219 MP: 20/49
    26 | D        | Reached skill level 23 in Throwing
    26 | D        | Reached skill level 23 in Unarmed Combat
    26 | D        | Reached skill level 23 in Spellcasting
    26 | D        | Reached skill level 24 in Throwing
    26 | D        | Reached skill level 24 in Unarmed Combat
    26 | D        | Reached skill level 24 in Spellcasting
    26 | D        | Killed a destroyer
    26 | D        | Reached skill level 26 in Throwing
    26 | D        | Reached skill level 26 in Unarmed Combat
    26 | D        | Reached skill level 26 in Spellcasting
    26 | D        | Reached XP level 24. HP: 227/227 MP: 20/53
    27 | D        | Reached skill level 27 in Throwing
    27 | D        | Reached skill level 27 in Unarmed Combat
    27 | D        | Reached skill level 27 in Spellcasting
    28 | D        | Reached ****** piety under Makhleb
    28 | D        | Reached XP level 25. HP: 234/234 MP: 20/54
    30 | D        | Reached XP level 26. HP: 242/242 MP: 21/54
    31 | D        | Killed a destroyer
    31 | D        | Reached XP level 27. HP: 249/249 MP: 21/54
    32 | D        | Noticed a destroyer
    33 | D        | Killed a destroyer
    37 | D        | Noticed a destroyer
    38 | D        | Killed a destroyer
    39 | D        | Killed a destroyer
    41 | D        | Noticed a destroyer
    44 | D        | Killed a destroyer
    50 | D        | Noticed an accursed
    55 | D        | Noticed a tyrant
    56 | D        | Noticed a destroyer
    57 | D        | Noticed a destroyer
    58 | D        | Noticed a tyrant
    58 | D        | Noticed a destroyer
    59 | D        | Noticed a tyrant
    84 | D        | Noticed a destroyer
    85 | D        | Killed a destroyer
   154 | D        | HP: 1/249 [sculptor of flesh/+9 great sword (248)]
   583 | D        | Noticed a vile
   583 | D        | Noticed a vile
   585 | D        | Killed a vile
   586 | D        | Killed a vile
   589 | D        | Noticed a vile
   591 | D        | Killed a vile
   592 | D        | Noticed a vile
   745 | D        | Noticed an accursed
   745 | D        | Noticed a tyrant
   745 | D        | Noticed a fleshlord
   745 | D        | Noticed a fleshlord
   745 | D        | Noticed a meat beast
   745 | D        | Noticed a fleshlord
   745 | D        | Noticed a fleshlord
   745 | D        | Noticed a vile
   745 | D        | Noticed a vile
   746 | D        | Noticed a fleshlord
   747 | D        | Noticed a vile
   748 | D        | Noticed a destroyer
   748 | D        | Noticed a vile
   749 | D        | Noticed a tyrant
   749 | D        | Noticed a destroyer
   749 | D        | Noticed a vile
   749 | D        | Killed a vile
   749 | D        | Killed a vile
   750 | D        | Killed a meat beast
   750 | D        | Killed a fleshlord
   751 | D        | Noticed a vile
   751 | D        | Killed a fleshlord
   753 | D        | Noticed a vile
   753 | D        | Noticed a vile
   754 | D        | Noticed a tyrant
   754 | D        | Killed a vile
   754 | D        | Killed a fleshlord
   755 | D        | Noticed a destroyer
   755 | D        | Noticed a dread
   755 | D        | Noticed a fleshlord
   755 | D        | Killed a vile
   755 | D        | Killed a fleshlord
   756 | D        | Noticed a vile
   756 | D        | Killed a destroyer
   756 | D        | Killed a destroyer
   757 | D        | Noticed a tyrant
   757 | D        | Noticed a destroyer
   757 | D        | Killed a vile
   757 | D        | Killed a tyrant
   758 | D        | Noticed a vile
   758 | D        | Noticed a fleshlord
   758 | D        | Noticed a vile
   758 | D        | Noticed a vile
   758 | D        | Annihilated by a fleshlord

Vault maps used:
D:        meatsprint

Skill      XL: |  1  2  3  4  5  6  7  8  9 10 11 12 13 14 15 16 17 18 19 20 21 22 23 24 |
---------------+-------------------------------------------------------------------------+-----
Fighting       | 18 20 22 24 27 | 27.0
Axes           | 16 21 24 27 | 27.0
Armour         | 18 20 27 | 27.0
Shields        | 19 27 | 27.0
Dodging        | 10 13 16 23 27 | 27.0
Stealth        | 14 26 27 | 27.0
Invocations    | 12 24 27 | 27.0
Throwing       | 16 22 26 27 | 27.0
Unarmed Combat | 16 22 26 27 | 27.0
Spellcasting   | 16 22 26 27 | 27.0

Action                   |  1- 3 |  4- 6 |  7- 9 | 10-12 | 13-15 | 16-18 | 19-21 | 22-24 | 25-27 || total
-------------------------+-------+-------+-------+-------+-------+-------+-------+-------+-------++-------
Melee: Executioner's axe |     1 |       |       |       |     2 |     4 |     3 |     4 |    41 ||    55
 Abil: Dig               |       |       |       |       |       |       |       |       |     6 ||     6
 Stab: Distracted        |       |       |       |       |       |       |       |       |     1 ||     1
  Eat: Chunk             |       |       |       |       |       |       |       |       |     2 ||     2
Armor: Scale mail        |       |       |       |       |       |       |       |       |     2 ||     2
Dodge: Dodged            |       |       |       |       |       |       |     1 |       |     1 ||     2
Block: Shield            |       |       |       |       |       |     3 |       |       |     8 ||    11

Vault maps used:
D:        meatsprint

Table legend:
 A = Turns spent in this place as a percentage of turns spent in the entire game.
 B = Non-inter-level travel turns spent in this place as a percentage of non-inter-level travel turns spent in the entire game.
 C = Inter-level travel turns spent in this place as a percentage of turns spent in this place.
 D = Turns resting spent in this place as a percentage of non-inter-level travel turns spent in this place.
 E = Turns spent auto-exploring this place as a percentage of non-inter-level travel turns spent in this place.
 F = Non-inter-level travel turns spent in this place divided by the number of levels of this place that you've seen.
                   A       B       C       D       E      F
               +-------+-------+-------+-------+-------+----------------------
         Total | 100.0 | 100.0 |   0.0 |   2.2 |   0.0 | 413.0
       Dungeon | 100.0 | 100.0 |   0.0 |   2.2 |   0.0 | 413.0
               +-------+-------+-------+-------+-------+----------------------

Table legend:
 A = Kills in this place as a percentage of kills in entire the game.
 B = Kills by you in this place as a percentage of kills by you in the entire game.
 C = Kills by friends in this place as a percentage of kills by friends in the entire game.
 D = Other kills in this place as a percentage of other kills in the entire game.
 E = Experience gained in this place as a percentage of experience gained in the entire game.
 F = Experience gained in this place divided by the number of levels of this place that you have seen.
                   A       B       C       D       E      F
               +-------+-------+-------+-------+-------+----------------------
         Total | 100.0 | 100.0 |  -nan |  -nan | 100.0 | 2921743.0
       Dungeon | 100.0 | 100.0 |  -nan |  -nan | 100.0 | 2921743.0
               +-------+-------+-------+-------+-------+----------------------
